 Dungeon Crawl Stone Soup version 0.23-a0-644-gb60d84b (webtiles) character file.

49 Borgoz the Sneak (level 4, 0/27 HPs)
             Began as a Kobold Assassin on Jan 2, 2019.
             Succumbed to an adder's poison
             ... on level 2 of the Dungeon.
             The game lasted 00:03:27 (1587 turns).

Borgoz the Sneak (Kobold Assassin)                  Turns: 1587, Time: 00:03:28

Health: 0/27       AC:  3    Str:  8    XL:     4   Next: 1%
Magic:  4/4        EV: 14    Int: 12    God:
Gold:   106        SH:  0    Dex: 17    Spells: 3/3 levels left

rFire    . . .     SeeInvis .   a - +2 dagger
rCold    . . .     Gourm    .   (shield restricted)
rNeg     + . .     Faith    .   n - -1 leather armour (curse)
rPois    .         Spirit   .   (no helmet)
rElec    .         Reflect  .   d - +0 cloak
rCorr    .         Harm     .   (no gloves)
MR       .....                  (no boots)
Stlth    +++.......             (no amulet)
HPRegen  0.09/turn              h - ring of positive energy
MPRegen  0.09/turn              (no ring)

@: lethally poisoned (0 -> -1)
A: small, carnivore
a: no special abilities


You were on level 2 of the Dungeon.
You were not hungry.

You visited 1 branch of the dungeon, and saw 2 of its levels.

You collected 106 gold pieces.

Inventory:

Hand Weapons
 a - a +2 dagger (weapon)
 b - a +0 blowgun
Missiles
 e - 27 poisoned needles
 f - 2 curare-tipped needles
Armour
 c - a +0 robe
 d - a +0 cloak (worn)
 n - a cursed -1 leather armour (worn)
Jewellery
 h - a ring of positive energy (left hand)
Potions
 i - 2 potions of heal wounds {unknown}
 j - a potion of curing {unknown}
 k - a potion of flight {unknown}
 o - a potion of haste
Comestibles
 g - 2 rations


   Skills:
 + Level 2.9 Fighting
 + Level 3.4 Short Blades
 - Level 2.1 Throwing
 + Level 2.2 Dodging
 + Level 5.9 Stealth


You had 3 spell levels left.
You didn't know any spells.
Your spell library was empty.

Dungeon Overview and Level Annotations

Branches:
Dungeon (2/15)

Altars:


Innate Abilities, Weirdness & Mutations

You are small and have problems with some larger weapons.
You are carnivorous and can eat meat at any time.


Message History

Butcher a goblin corpse? [(y)es/(n)o/(a)ll/(q)uit/?]
You butcher the goblin corpse.
You stop butchering the corpse.
* * * LOW HITPOINT WARNING * * *
You feel sick.
Unknown command.
There is a lethal amount of poison in your body!
There is a lethal amount of poison in your body!
Eat a chunk of flesh? (ye/n/q)
You eat the chunk of flesh.
This raw flesh tastes great.
There is a lethal amount of poison in your body!
There is a lethal amount of poison in your body!
There is a lethal amount of poison in your body!
Unknown command.
There is a lethal amount of poison in your body!
There is a lethal amount of poison in your body!
* * * LOW HITPOINT WARNING * * *
You feel sick.
* * * LOW HITPOINT WARNING * * *
You feel sick.
You die...

..#
...
.. #.
#.##
..#
#.##
#..#
##@##
#..#
##.#
#.##
#..#
##.##
#..#
##.#
#.#


There were no monsters in sight!

Vanquished Creatures
  2 adders (D:2)
  A worm (D:2)
  2 dart slugs
  A leopard gecko (D:1)
  3 bats
  3 giant cockroaches
  4 goblins
  A hobgoblin (D:1)
  A kobold (D:1)
  3 frilled lizards
  2 rats (D:2)
23 creatures vanquished.

Notes
Turn   | Place    | Note
-------+----------+-------------------------------------------
     0 | D:1      | Borgoz the Kobold Assassin began the quest for the Orb.
     0 | D:1      | Reached XP level 1. HP: 12/12 MP: 1/1
   236 | D:1      | Reached XP level 2. HP: 18/18 MP: 2/2
   975 | D:2      | Reached XP level 3. HP: 14/22 MP: 3/3
  1571 | D:2      | Reached XP level 4. HP: 5/27 MP: 4/4
  1583 | D:2      | HP: 1/27 [poisoned by an adder]
  1587 | D:2      | Succumbed to an adder's poison

Vault maps used:
D:1:      lightli_arrival_lavapool
D:2:      nicolae_overflow_crystal_walls, lemuel_round_altar,
          uniq_crazy_yiuf_cottage

Skill      XL: |  1  2 |
---------------+-------+-----
Short Blades   | 3 |  3.4
Dodging        | 2 |  2.2
Fighting       | |  2.9
Throwing       | |  2.1
Stealth        | |  5.9

Action                   |  1- 3 |  4- 6 || total
-------------------------+-------+-------++-------
Melee: Dagger            |    76 |     1 ||    77
  Use: Scroll            |     3 |       ||     3
 Stab: Sleeping          |     9 |       ||     9
  Eat: Chunk             |     4 |     1 ||     5
Armor: Robe              |     5 |       ||     5
       Leather armour    |     2 |       ||     2
Dodge: Dodged            |    34 |       ||    34

Table legend:
 A = Non-vault XP
 B = Vault XP
 C = Vault XP percentage of total XP
 D = Non-vault monster count
 E = Vault monster count
 F = Vault count percentage of total count
                 A         B        C        D         E       F
            +---------+---------+-------+---------+---------+-------
      Total |      70 |       0 |   0.0 |      23 |       0 |   0.0
            +---------+---------+-------+---------+---------+-------
        D:1 |      25 |       0 |   0.0 |      12 |       0 |   0.0
        D:2 |      45 |       0 |   0.0 |      11 |       0 |   0.0
            +---------+---------+-------+---------+---------+-------
